 Dungeon Crawl Stone Soup version 0.21.1-1-g345015f (webtiles) character file.

35 sking99 the Sneak (level 3, -1/28 HPs)
             Began as a Naga Enchanter on June 22, 2018.
             Slain by an adder (2 damage)
             ... on level 2 of the Dungeon.
             The game lasted 00:07:00 (1360 turns).

sking99 the Sneak (Naga Enchanter)                  Turns: 1360, Time: 00:07:01

Health: -1/28      AC:  3    Str:  7 (10) XL:     3   Next: 35%
Magic:  0/6        EV: 10    Int: 15 (16) God:
Gold:   57         SH:  0    Dex:  8 (11) Spells: 3/6 levels left

rFire    . . .     SeeInvis +   a - +1 dagger
rCold    . . .     Gourm    .   (no shield)
rNeg     . . .     Faith    .   b - +0 robe
rPois    +         Spirit   .   (no helmet)
rElec    .         Reflect  .   (no cloak)
rCorr    .         Harm     .   j - +0 pair of gloves
MR       .....                  (no barding)
Stlth    +++.......             (no amulet)
HPRegen  0.09/turn              (no ring)
MPRegen  0.10/turn              (no ring)

@: lethally poisoned (-1 -> -7), very slightly contaminated, invisible, very
slow
A: large, see invisible, deformed body, poison resistance, slowness 2, slow
metabolism 1, spit poison 1, AC +1
a: Spit Poison


You were on level 2 of the Dungeon.
You were hungry.

You visited 1 branch of the dungeon, and saw 2 of its levels.

You collected 57 gold pieces.

Inventory:

Hand Weapons
 a - a +1 dagger (weapon)
Armour
 b - a +0 robe (worn)
 j - a +0 pair of gloves (worn)
Scrolls
 e - a scroll of remove curse
 f - a scroll of magic mapping {unknown}
 i - a scroll of identify {unknown}
Books
 c - a book of Maledictions

   Spells                             Type                      Level
   a - Corona                         Hexes                        1
   b - Ensorcelled Hibernation        Hexes/Ice                    2
   c - Confuse                        Hexes                        3
   d - Tukima's Dance                 Hexes                        3
   e - Dazzling Spray                 Conjuration/Hexes            3
Comestibles
 d - 2 rations
 k - 2 chunks of flesh


   Skills:
 - Level 1.4 Short Blades
 - Level 1.9 Dodging
 * Level 5.7 Stealth
 - Level 2.0 Spellcasting
 + Level 3.0 Hexes
 + Level 0.3 Ice Magic


You had 3 spell levels left.
You knew the following spells:

 Your Spells              Type           Power        Failure   Level  Hunger
a - Ensorcelled Hibernat  Hex/Ice        #.....       17%         2    ###....
b - Corona                Hex            ##.....      6%          1    #......


Dungeon Overview and Level Annotations

Branches:
Dungeon (2/15)

Altars:


Innate Abilities, Weirdness & Mutations

You cannot wear boots.
Your serpentine skin is tough. (AC +1)
You have supernaturally acute eyesight. (SInv)
Armour fits poorly on your strangely shaped body.
Your system is resistant to poisons. (rPois)
You cover ground very slowly.
You have a slow metabolism.
You can spit poison.


Message History

Wisps of condensation drift from your hands.
* * * LOW HITPOINT WARNING * * *
You feel sick. The adder misses you.
It was a potion of degeneration.
There was something very wrong with that liquid.
You feel weakened.
You feel dopey.
You feel clumsy. The adder bites you.
* * * LOW HITPOINT WARNING * * *
It was a potion of invisibility.
You fade into invisibility!
* * * LOW HITPOINT WARNING * * *
You feel sick. The adder barely misses you. The adder closely misses you.
As you read the scroll labeled XUEXUMMESIMP, it crumbles to dust.
You feel blessed for a moment.
It was a scroll of remove curse.
* * * LOW HITPOINT WARNING * * *
You feel sick. The adder closely misses you.
You closely miss the adder.
The adder is lightly wounded.
The adder bites you.
You die...

#####################
#..........@S........
#.....##.####.....##
#.....##.#.h>..)..'..
#.....##.#.#......#.#
#.....##.#.#.######
#.....##.#.#.#
#.....##.#.h......
#.....##.#......S.
########.#.#.#####


You could see an adder.

Vanquished Creatures
  A worm (D:2)
  A dart slug (D:2)
  A leopard gecko (D:1)
  4 bats (D:1)
  A giant cockroach (D:1)
  3 hobgoblins (D:1)
  4 jackals (D:2)
  4 kobolds (D:1)
  3 frilled lizards (D:1)
  2 goblins
  2 rats (D:1)
26 creatures vanquished.

Notes
Turn   | Place    | Note
-------+----------+-------------------------------------------
     0 | D:1      | sking99 the Naga Enchanter began the quest for the Orb.
     0 | D:1      | Reached XP level 1. HP: 15/15 MP: 3/3
   376 | D:1      | Reached XP level 2. HP: 22/22 MP: 5/5
   413 | D:1      | Reached skill level 5 in Stealth
   990 | D:1      | Learned a level 2 spell: Ensorcelled Hibernation
  1004 | D:2      | Reached XP level 3. HP: 28/28 MP: 1/6
  1359 | D:2      | HP: 1/28 [poisoned by an adder]
  1360 | D:2      | Slain by an adder

Skill      XL: |  1  2 |
---------------+-------+-----
Stealth        | 5 |  5.7
Short Blades   | |  1.4
Dodging        | |  1.9
Spellcasting   | |  2.0
Hexes          | |  3.0
Ice Magic      | |  0.3

Action                   || total
-------------------------++-------
Melee: Dagger            ||    75
 Cast: Ensorcelled Hiber ||     7
 Abil: Spit Poison       ||     7
  Use: Potion            ||     2
       Scroll            ||     1
 Stab: Sleeping          ||    12
  Eat: Chunk             ||     1
Armor: Robe              ||    17
Dodge: Dodged            ||    47
